 Dungeon Crawl Stone Soup version 0.18.1-8-gdd0e5ea (webtiles) character file.

120 deorigin the Changer (level 4, -8/35 HPs)
             Began as a Draconian Transmuter on June 5, 2016.
             Mangled by Grinder (10 damage)
             ... while paralysed by Grinder
             ... on level 2 of the Dungeon.
             The game lasted 00:04:44 (2284 turns).

deorigin the Changer (Draconian Transmuter)         Turns: 2284, Time: 00:04:44

Health: -8/35      AC:  5    Str: 12    XL:     4   Next: 75%
Magic:  7/7        EV:  2    Int: 15    God:
Gold:   83         SH:  0    Dex: 11    Spells: 3 memorised, 1 level left

rFire  . . .     SeeInvis .     v - +4 short sword
rCold  . . .     Gourm    .     (armour unavailable)
rNeg   . . .     Faith    .     (no shield)
rPois  .         Spirit   .     (helmet restricted)
rElec  .         Dismiss  .     (no cloak)
rCorr  .         Reflect  .     (no gloves)
SustAt .         Harm     .     (no boots)
MR     .....                    (no amulet)
Stlth  +.........               (no ring)
                                (no ring)

@: paralysed, not resistant to hostile enchantments, very unstealthy
A: unfitting armour, cold-blooded, AC +5
a: no special abilities


You were on level 2 of the Dungeon.
You were hungry.

You visited 1 branch of the dungeon, and saw 3 of its levels.

You collected 83 gold pieces.

Inventory:

Hand Weapons
 s - a +0 dagger
 v - a +4 short sword (weapon)
Missiles
 a - 11 arrows
 m - 16 poisoned needles
Scrolls
 d - 2 scrolls of immolation {unknown}
 e - 2 scrolls of remove curse {unknown}
 f - a scroll of noise {unknown}
 h - a scroll of amnesia {unknown}
 i - 2 scrolls of teleportation {unknown}
 j - a scroll of recharging {unknown}
 k - 2 scrolls of fog {unknown}
 l - 3 scrolls of identify {unknown}
 p - 2 scrolls of magic mapping {unknown}
 w - a scroll of blinking {unknown}
Potions
 g - 2 potions of might {unknown}
 o - a potion of magic {unknown}
 q - a potion of curing {unknown}
 t - a potion of ambrosia {unknown}
 x - a potion of brilliance {unknown}
Books
 b - a book of Changes

   Spells                             Type                      Level
   a - Beastly Appendage              Transmutation                1
   b - Sticks to Snakes               Transmutation                2
   c - Spider Form                    Transmutation/Poison         3
   d - Ice Form                       Ice/Transmutation            4
   e - Blade Hands                    Transmutation                5
Comestibles
 c - 3 bread rations
 n - 2 beef jerkies
 r - a chunk of flesh
 u - 2 meat rations


   Skills:
 - Level 1.1 Fighting
 - Level 1.7 Dodging
 - Level 3.0 Unarmed Combat
 - Level 2.0 Spellcasting
 + Level 4.4 Transmutations
 - Level 2.0 Poison Magic


You had one spell level left.
You knew the following spells:

 Your Spells              Type           Power        Failure   Level  Hunger
a - Beastly Appendage     Trmt           ##....       4%          1    #......
b - Sticks to Snakes      Trmt           ##......     8%          2    ###....
c - Spider Form           Trmt/Pois      ##........   21%         3    ###....


Dungeon Overview and Level Annotations

Branches:
Dungeon (3/15)

Altars:
Fedhas
Makhleb
Pakellas
Qazlal
Ru
Trog
Yredelemnul

Annotations:
D:2 Grinder


Innate Abilities, Weirdness & Mutations

Your plain brown scales are hard (AC +5).
Your body does not fit into most forms of armour.
You are cold-blooded and may be slowed by cold attacks.


Message History

You suddenly lose the ability to move!
Grinder says, "There's only one good use for a tongue: cutting it out."
Grinder blinks!
Grinder hits you.
You writhe in agony.
You can move again.
Grinder says, "Are you a fish?" Grinder gestures at you.
Pain shoots through your body!
* * * LOW HITPOINT WARNING * * *
Grinder blinks!
Grinder gestures at you.
You suddenly lose the ability to move!
Grinder hits you.
* * * LOW HITPOINT WARNING * * *
You writhe in agony.
* * * LOW HITPOINT WARNING * * *
Grinder gestures at you.
You shrug off the repeated paralysis!
Grinder hits you!
You die...

.......###..#####.#####..........
...........## #...#(.((.........
........#### #...#(.(....####..
...........## #.[.......#.)..#..
....รท..###..####......#######....
....................#.## #......
.......####............# #.###..
#....(###...###.5..##..## #.# #..
...##.<#..### #.@..##...# #.# #).
..###)...#.####.#..##.#.###.# ###
..####...#.........##.#.##..#
..........>...........#....## ##
.###.......#######..........####.
.# ##...#......###...............
## #........................##..
## ###....#.###..............)...
.# #.........................###.


You could see Grinder.

Vanquished Creatures
  3 adders
  An ooze (D:1)
  3 worms
  2 dart slugs (D:1)
  2 giant geckos
  5 giant cockroaches
  6 goblins
  6 hobgoblins
  8 jackals
  8 kobolds
  A quokka (D:2)
  2 ball pythons
  6 bats
  2 giant newts (D:1)
  4 rats
59 creatures vanquished.

Vanquished Creatures (collateral kills)
  An adder (D:2)
  A giant gecko (D:2)
2 creatures vanquished.

Grand Total: 61 creatures vanquished

Notes
Turn   | Place    | Note
--------------------------------------------------------------
     0 | D:1      | deorigin the Draconian Transmuter began the quest for the Orb.
     0 | D:1      | Reached XP level 1. HP: 16/16 MP: 3/3
   177 | D:1      | Reached XP level 2. HP: 19/23 MP: 5/5
   290 | D:1      | Reached skill level 3 in Transmutations
   839 | D:1      | Reached XP level 3. HP: 24/28 MP: 6/6
   986 | D:2      | Learned a level 2 spell: Sticks to Snakes
  1062 | D:1      | Learned a level 3 spell: Spider Form
  1133 | D:2      | Reached skill level 1 in Poison Magic
  1459 | D:2      | Reached XP level 4. HP: 31/35 MP: 5/7
  1763 | D:3      | Reached skill level 4 in Transmutations
  2187 | D:3      | Found a burning altar of Makhleb.
  2189 | D:3      | Found a sacrificial altar of Ru.
  2189 | D:3      | Found an oddly glowing altar of Pakellas.
  2189 | D:3      | Found a stormy altar of Qazlal.
  2190 | D:3      | Found a basalt altar of Yredelemnul.
  2191 | D:3      | Found a blossoming altar of Fedhas.
  2192 | D:3      | Found a bloodstained altar of Trog.
  2193 | D:3      | Noticed Grinder
  2271 | D:2      | Paralysed by Grinder for 5 turns
  2281 | D:2      | Paralysed by Grinder for 5 turns
  2282 | D:2      | HP: 1/35 [Grinder (4)]
  2284 | D:2      | Mangled by Grinder

Skill      XL: |  1  2  3  4 |
---------------+-------------+-----
Transmutations | 3 4 |  4.4
Poison Magic   | 2 |  2.0
Fighting       | |  1.1
Dodging        | |  1.7
Unarmed Combat | |  3.0
Spellcasting   | |  2.0

Action                   |  1- 3 |  4- 6 || total
-------------------------+-------+-------++-------
Melee: Unarmed           |   125 |       ||   125
       Tailslap          |    10 |     2 ||    12
       Punch             |     1 |     1 ||     2
       Short sword       |    15 |    53 ||    68
       Headbutt          |     1 |     2 ||     3
       Kick              |     1 |     1 ||     2
 Cast: Beastly Appendage |     2 |     4 ||     6
       Sticks to Snakes  |     1 |       ||     1
 Stab: Sleeping          |     2 |       ||     2
  Eat: Chunk             |     2 |     2 ||     4
Armor: Skin              |    48 |    17 ||    65
Dodge: Dodged            |   103 |    24 ||   127
